 Dungeon Sprint DCSS version 0.22.1-1-ga44c0e56f4 (webtiles) character file.

666 MuseOD the Spear-Bearer (level 7, -12/68 HPs)
             Began as a Merfolk Berserker on Oct 5, 2018.
             Was a Priest of Trog.
             Mangled by a tyrant leech (22 damage)
             ... in the Dungeon (Sprint II: "The Violet Keep of Menkaure").
             The game lasted 00:00:52 (446 turns).

MuseOD the Spear-Bearer (Merfolk Berserker)          Turns: 446, Time: 00:00:53

Health: -12/68     AC:  2    Str: 20    XL:     7   Next: 57%
Magic:  7/7        EV: 16    Int:  6    God:    Trog [***...]
Gold:   486        SH:  0    Dex: 13    Spells: 6/6 levels left

rFire    . . .     SeeInvis .   a - +0 spear
rCold    . . .     Gourm    .   (no shield)
rNeg     . . .     Faith    .   b - +0 animal skin
rPois    .         Spirit   .   (no helmet)
rElec    .         Reflect  .   (no cloak)
rCorr    .         Harm     .   (no gloves)
MR       ++...     NoTele   +   (no boots)
Stlth    +.........             (no amulet)
HPRegen  1.21/turn              (no ring)
MPRegen  0.10/turn              (no ring)

@: berserk cooldown, regenerating, hasted and slowed
A: change form in water, swift swim, stealthy swim
a: Berserk, Trog's Hand, Renounce Religion


You were in the Dungeon.
You worshipped Trog.
Trog was most pleased with you.
You were very hungry.

You visited 1 branch You collected 486 gold pieces.

Inventory:

Hand Weapons
 a - a +0 spear (weapon)
Armour
 b - a +0 animal skin (worn)
Scrolls
 i - a scroll of blinking
Potions
 d - a potion of curing
 e - a potion of heal wounds
 g - 2 potions of magic
 h - a potion of berserk rage
Comestibles
 c - a ration
 j - 8 chunks of flesh


   Skills:
 + Level 11.2 Fighting
 + Level 14.1 Polearms
 + Level 4.0 Armour
 + Level 8.0 Dodging


You had 6 spell levels left.
You didn't know any spells.
Your spell library was empty.

Dungeon Overview and Level Annotations

Branches:
Dungeon (1/1)

Altars:

Annotations:
D exclusion: Roxanne, Roxanne


Message History

Trog accepts your kill.
Your Fighting skill increases to level 11!
Your Polearms skill increases to level 14!
Your Armour skill increases to level 4!
Your Dodging skill increases to level 8!
Unknown command.
There is an open door here.
You see here a spear.
You don't know any spells.
Your skin crawls.
You feel resistant to hostile enchantments.
You feel somewhat more hungry. The tyrant leech bites you.
The tyrant leech draws strength from your injuries!
The tyrant leech bites you!
* * * LOW HITPOINT WARNING * * *
The tyrant leech draws strength from your injuries!
You feel yourself speed up.
You feel the effects of Trog's Hand fading.
The tyrant leech bites you!!
You die...

#≈≈#+++#+++##
≈≈≈.........#
##'## ##.#†##
#..##.#
####..#####
##.###†###.##
#..###.##...#
+##.'.<.w@#
#..###.##...#
##.# #†###.##
### .#. ## ..
.. ##. $## ##
##


You could see a tyrant leech.

Vanquished Creatures
  A merfolk siren (D)
  A tyrant leech (D)
  4 worker ants (D)
  3 worms (D)
9 creatures vanquished.

Vanquished Creatures (others)
  A crocodile (D)
1 creature vanquished.

Grand Total: 10 creatures vanquished

Notes
Turn   | Place    | Note
-------+----------+-------------------------------------------
     0 | D        | MuseOD the Merfolk Berserker began the quest for the Orb.
     0 | D        | Reached XP level 1. HP: 18/18 MP: 1/1
     1 | D        | Noticed a merfolk siren
    11 | D        | Killed a merfolk siren
    11 | D        | Reached skill level 12 in Polearms
    11 | D        | Reached XP level 2. HP: 18/35 MP: 2/2
    11 | D        | Reached XP level 3. HP: 21/41 MP: 3/3
    11 | D        | Reached XP level 4. HP: 24/47 MP: 4/4
    11 | D        | Reached XP level 5. HP: 28/53 MP: 5/5
    11 | D        | Reached XP level 6. HP: 32/60 MP: 6/6
   302 | D        | Reached ** piety under Trog
   317 | D        | Noticed Roxanne
   339 | D        | Reached skill level 10 in Fighting
   344 | D        | Reached *** piety under Trog
   348 | D        | Reached skill level 13 in Polearms
   352 | D        | Reached XP level 7. HP: 67/67 MP: 7/7
   412 | D        | Noticed a tyrant leech
   412 | D        | Noticed a tyrant leech
   441 | D        | Killed a tyrant leech
   441 | D        | Reached skill level 14 in Polearms
   446 | D        | Mangled by a tyrant leech

Skill      XL: |  1  2  3  4  5  6  7 |
---------------+----------------------+-----
Fighting       | 9 10 11 | 11.2
Polearms       | 12 13 14 | 14.1
Armour         | 3 4 |  4.0
Dodging        | 6 7 8 |  8.0

Action                   |  1- 3 |  4- 6 |  7- 9 || total
-------------------------+-------+-------+-------++-------
Melee: Spear             |     6 |    39 |    28 ||    73
Invok: Berserk           |     1 |     1 |     1 ||     3
       Trog's Hand       |       |       |     1 ||     1
  Use: Potion            |       |       |     1 ||     1
Dodge: Dodged            |     3 |    10 |     2 ||    15
